 Dungeon Crawl Stone Soup version 0.31.0-9-g3a7656b989 (webtiles) character file.

Game seed: 5118960912927477269

172 qw the Skirmisher (level 5, -3/31 HPs)
             Began as a Deep Elf Hunter on Feb 2, 2024.
             Slain by a bullfrog (5 damage)
             ... on level 3 of the Dungeon.
             The game lasted 00:00:07 (1305 turns).

qw the Skirmisher (Deep Elf Hunter)                 Turns: 1305, Time: 00:00:08

Health: -3/31      AC:  5    Str: 10    XL:     5   Next: 27%
Magic:  7/7        EV: 16    Int: 14    God:
Gold:   88         SH:  0    Dex: 18    Spells: 4/4 levels left

rFire   + . .        a - +0 shortbow
rCold   . . .        (shield currently unavailable)
rNeg    . . .        j - +0 ring mail
rPois   .            (no helmet)
rElec   .            (no cloak)
rCorr   .            (no gloves)
SInv    +            (no boots)
Will    .....        (no amulet)
Stlth   +            g - +5 ring of evasion
HPRegen 1.05/turn    m - ring of see invisible
MPRegen 0.10/turn

%: no passive effects
@: about to teleport
A: fire resistance 1, regeneration 1, robust 1
a: no special abilities


You were on level 3 of the Dungeon.
You visited 1 branch of the dungeon, and saw 3 of its levels.

You collected 88 gold pieces.


Innate Abilities, Weirdness & Mutations

Your flesh is heat resistant. (rF+)
Your natural rate of healing is unusually fast.
You are robust. (+10% HP)


   Skills:
 - Level 1.5 Fighting
 + Level 8.7 Ranged Weapons
 - Level 2.4 Dodging
 - Level 1.2 Stealth


You had 4 spell levels left.
You didn't know any spells.
Your spell library was empty.

Inventory:

Hand Weapons
 a - a +0 shortbow (weapon)
Armour
 j - a +0 ring mail (worn)
Jewellery
 g - a +5 ring of evasion (left hand)
 m - a ring of see invisible (right hand)
Scrolls
 c - a scroll of noise {unknown}
Potions
 d - a potion of mutation
 f - a potion of cancellation
 i - a potion of might

Dungeon Overview and Level Annotations

Branches:
Dungeon (3/15)

Altars:

Shops:
D:2 :


Message History

1296 ||| RETREEEEATING.
You feel sick.
You are no longer poisoned.
The iguana hisses angrily.
The bullfrog hits you but does no damage.
Enter note: You shoot an arrow.
The arrow hits the scorpion but does no damage.
The scorpion is heavily wounded.
The bullfrog hits you.
The scorpion stings you but does no damage.
You shoot an arrow. The arrow hits the scorpion!
You kill the scorpion!
The bullfrog hits you but does no damage.
The bullfrog misses you.
You have reached level 5!
You shoot an arrow. The arrow hits the bullfrog.
The bullfrog is lightly wounded.
The bullfrog hits you but does no damage.
You shoot an arrow. The arrow closely misses the bullfrog.
The bullfrog barely misses you. The bullfrog hits you.
You shoot an arrow. The arrow hits the bullfrog.
The bullfrog is moderately wounded.
The bullfrog hits you but does no damage.
The bullfrog closely misses you.
You shoot an arrow. The arrow closely misses the bullfrog.
The iguana bites you! The bullfrog hits you.
1303 ||| READING scroll of teleportation.
As you read the scroll of teleportation, it crumbles to dust.
You feel strangely unstable. The bullfrog hits you. The iguana misses you.
The bullfrog completely misses you.
You shoot an arrow. The arrow hits the bullfrog!
The bullfrog is severely wounded.
The iguana completely misses you. The bullfrog closely misses you.
The iguana bites you but does no damage.
You shoot an arrow. The arrow hits the bullfrog.
The bullfrog is almost dead.
The bullfrog hits you. x2
You die...

####......# #......
...#.........# ##.....
[.............# #......
...............# #......
...............# #......
..............## ###.....<
...............###.....)..
...............#..........
..)......@........##.##...
........Fl..##............
.<..#.....###....##......
###....##........###...##
#.#...#.........[...## #
#.#.#..........##.# #.
.#..####.#.....# .. ...##
#...#.... ..# #..# ## [.
..


You could see a bullfrog and an iguana.

Vanquished Creatures
  A scorpion (D:3)
  2 adders (D:2)
  3 gnolls (D:2)
  A dart slug (D:1)
  An orc (D:3)
  5 endoplasms
  3 giant cockroaches
  9 goblins
  2 hobgoblins (D:1)
  4 jackals (D:2)
  5 kobolds
  2 quokkas (D:1)
  6 ball pythons
  9 bats
  4 frilled lizards
  5 rats
62 creatures vanquished.

Notes
Turn   | Place    | Note
-------+----------+-------------------------------------------
     0 | D:1      | qw the Deep Elf Hunter began the quest for the Orb.
     0 | D:1      | Reached XP level 1. HP: 12/12 MP: 3/3
     0 | D:1      | 0 ||| qw: Version: 0.3-a-155-g5e7d8dd
     0 | D:1      | 0 ||| qw: Game counter: 1603
     0 | D:1      | 0 ||| qw: Melee chars always use a shield: true
     0 | D:1      | 0 ||| qw: God list: Okawaru
     0 | D:1      | 0 ||| qw: Allow faded altars: false
     0 | D:1      | 0 ||| qw: Do Orc after clearing Dungeon:15 true
     0 | D:1      | 0 ||| qw: Do second Lair branch before Depths: true
     0 | D:1      | 0 ||| qw: Lair rune preference: random
     0 | D:1      | 0 ||| qw: Goals: Normal
     0 | D:1      | 0 ||| PLANNING D:1-11
   189 | D:1      | Reached skill level 6 in Ranged Weapons
   189 | D:1      | Reached XP level 2. HP: 13/16 MP: 4/4
   372 | D:1      | Reached XP level 3. HP: 20/20 MP: 5/5
   766 | D:1      | 766 ||| UPGRADING to +5 ring of evasion.
   767 | D:1      | 767 ||| READING 2 scrolls labelled FYKHLI OFOME.
   767 | D:1      | 767 ||| IDENTIFYING dark potion
   768 | D:1      | 768 ||| READING scroll of identify.
   768 | D:1      | 768 ||| IDENTIFYING yellow potion
   769 | D:1      | 769 ||| READING scroll labelled ZESUAL OXZAMOG.
   770 | D:1      | 770 ||| DRINKING 2 murky coppery potions.
   770 | D:1      | Gained mutation: You are robust. (+10% HP) [potion of
                  | mutation]
   770 | D:1      | Gained mutation: Your flesh is heat resistant. (rF+)
                  | [potion of mutation]
   770 | D:1      | Gained mutation: Your natural rate of healing is unusually
                  | fast. [potion of mutation]
   772 | D:1      | 772 ||| DROPPING scroll of butterflies.
   804 | D:2      | Found Dehecedwe's Vocational Training.
   844 | D:2      | Reached skill level 7 in Ranged Weapons
   867 | D:2      | 867 ||| RETREEEEATING.
   881 | D:2      | HP: 3/22 [gnoll/+0 spear (7)]
   887 | D:2      | HP: 2/22 [gnoll/+0 spear (8)]
   889 | D:2      | Reached XP level 4. HP: 4/27 MP: 6/6
   923 | D:2      | Found a faded altar of an unknown god.
  1063 | D:2      | Reached skill level 8 in Ranged Weapons
  1201 | D:2      | 1201 ||| UPGRADING to +0 ring mail.
  1211 | D:2      | 1211 ||| DROPPING +0 leather armour.
  1212 | D:2      | 1212 ||| UPGRADING to ring of see invisible.
  1213 | D:2      | 1213 ||| READING 2 scrolls of identify.
  1213 | D:2      | 1213 ||| IDENTIFYING fizzy golden potion
  1214 | D:2      | 1214 ||| READING scroll of identify.
  1214 | D:2      | 1214 ||| IDENTIFYING scroll labelled ERU UVVEFUAWNE
  1215 | D:2      | 1215 ||| READING scroll labelled GIUCAKL FOFET.
  1216 | D:2      | 1216 ||| READING scroll labelled VUIWUJY IHOTE.
  1228 | D:2      | 1228 ||| DROPPING potion of invisibility.
  1250 | D:3      | 1250 ||| STAIRDANCE
  1282 | D:3      | Noticed a scorpion
  1286 | D:3      | Noticed a bullfrog
  1292 | D:3      | 1292 ||| RETREEEEATING.
  1296 | D:3      | 1296 ||| RETREEEEATING.
  1298 | D:3      | Killed a scorpion
  1299 | D:3      | Reached XP level 5. HP: 17/31 MP: 7/7
  1302 | D:3      | HP: 4/31 [bullfrog (6)]
  1303 | D:3      | 1303 ||| READING scroll of teleportation.
  1305 | D:3      | Slain by a bullfrog

Levels and vault maps discovered:
D:1:      amcnicky_arrival_abandoned_market, layout_loops_ring, st_stairs_10
D:2:      layout_basic, ebering_ecumenical_altar_abandoned,
          nicolae_shop_vocational
D:3:      layout_rooms

Skill      XL: |  1  2  3  4 |
---------------+-------------+-----
Ranged Weapons | 6 7 8 |  8.7
Fighting       | |  1.5
Dodging        | |  2.4
Stealth        | |  1.2

Action                     |  1- 3 |  4- 6 || total
---------------------------+-------+-------++-------
   Fire: Shortbow          |   130 |    63 ||   193
    Use: Scroll            |     3 |     5 ||     8
         Potion            |     1 |       ||     1
 Armour: Leather armour    |    36 |     4 ||    40
         Ring mail         |       |    19 ||    19
  Dodge: Dodged            |    77 |    37 ||   114

Table legend:
 A = Non-vault XP
 B = Vault XP
 C = Vault XP percentage of total XP
 D = Non-vault monster count
 E = Vault monster count
 F = Vault count percentage of total count
                 A         B        C        D         E       F
            +---------+---------+-------+---------+---------+-------
      Total |     243 |       4 |   1.6 |      59 |       3 |   4.8
            +---------+---------+-------+---------+---------+-------
        D:1 |      48 |       4 |   7.7 |      28 |       3 |   9.7
        D:2 |     105 |       0 |   0.0 |      27 |       0 |   0.0
        D:3 |      90 |       0 |   0.0 |       4 |       0 |   0.0
            +---------+---------+-------+---------+---------+-------
